 Dungeon Crawl Stone Soup version 0.24.0-13-gcf9b3192b9 (webtiles) character file.

Game seed: 11028343794124528725, levelgen mode: deterministic

32 Esekla the Skirmisher (level 3, -2/20 HPs)
             Began as a Vine Stalker Abyssal Knight on Nov 10, 2019.
             Was a Follower of Lugonu.
             Slain by a bullfrog (6 damage)
             ... on level 6 of the Dungeon.
             The game lasted 00:05:53 (772 turns).

Esekla the Skirmisher (Vine Stalker Abyssal Knight)  Turns: 772, Time: 00:05:54

Health: -2/20      AC:  3    Str: 15    XL:     3   Next: 27%
Magic:  0/5        EV: 11    Int: 12    God:    Lugonu [*.....]
Gold:   96         SH:  0    Dex: 13    Spells: 2/2 levels left

rFire    . . .     SeeInvis .   a - +1 falchion
rCold    . . .     Gourm    .   (no shield)
rNeg     . . .     Faith    .   b - +0 leather armour
rPois    .         Spirit   +   (no helmet)
rElec    .         Reflect  .   (no cloak)
rCorr    .         Harm     .   (no gloves)
MR       ++...                  (no boots)
Stlth    +.........             (no amulet)
HPRegen  0.06/turn              d - ring of protection from magic
MPRegen  0.09/turn              e - ring of protection from magic

@: no status effects
A: fangs 2, magic shield, antimagic bite, no potion heal 3, rot immunity
a: Depart the Abyss, Renounce Religion


You were on level 6 of the Dungeon.
You worshipped Lugonu.
Lugonu was aware of your devotion.
You were not hungry.

You visited 1 branch of the dungeon, and saw 4 of its levels.
You visited the Abyss 1 time.

You collected 96 gold pieces.

Inventory:

Hand Weapons
 a - a +1 falchion (weapon)
Armour
 b - a +0 leather armour (worn)
Jewellery
 d - a ring of protection from magic (left hand)
 e - a ring of protection from magic (right hand)
Scrolls
 g - 4 scrolls of remove curse {unknown}
 j - a scroll of teleportation {unknown}
Potions
 f - 2 potions of lignification {unknown}
 h - a potion of heal wounds {unknown}
Comestibles
 c - 3 rations
 i - 2 chunks of flesh


   Skills:
 * Level 3.6 Fighting
 + Level 2.0 Long Blades
 + Level 1.7 Armour
 + Level 0.7 Dodging
 + Level 1.7 Invocations


You had 2 spell levels left.
You didn't know any spells.
Your spell library was empty.

Dungeon Overview and Level Annotations

Branches:
Dungeon (3/15)

Altars:


Innate Abilities, Weirdness & Mutations

You have extremely sharp teeth.
When hurt, damage is shared between your health and your magic reserves.
Your bite disrupts and absorbs the magic of your enemies.
Potions cannot restore your health.
You are immune to rotting.


Message History

You fall into a shaft and drop 3 floors!
The shaft crumbles and collapses.
Unknown command.
Found a scroll labeled JUUQUNKAEVE.
j - a scroll labeled JUUQUNKAEVE A bullfrog comes into view.
The bullfrog gives a loud, deep croak!
You completely miss the bullfrog. Your bite misses the bullfrog.
The bullfrog hits you. The bullfrog barely misses you.
You slash the bullfrog! Your bite misses the bullfrog.
The bullfrog is moderately wounded.
The bullfrog hits you. The bullfrog misses you.
You closely miss the bullfrog.
The bullfrog is moderately wounded.
The bullfrog hits you.
* * * LOW HITPOINT WARNING * * *
You hit the bullfrog.
The bullfrog is severely wounded.
The bullfrog hits you!
You die...

#.#..........
##........#...
#...........##.
#............... #
................ .#
#.............. #.#
#........#...###### #.#
#...............@F##.##.#
#.....#....######.......#
......#.#......##.......#
......#.................#
......##.#......#........#
##....##........#..........
#######.................#.
#......###+###....#
#.#....# #####


You could see a bullfrog.

Vanquished Creatures
  An adder (D:3)
  A worm (D:2)
  A giant cockroach (D:1)
  4 goblins
  A hobgoblin (D:1)
  4 jackals (D:2)
  4 kobolds
  A frilled lizard (D:2)
  2 rats
19 creatures vanquished.

Notes
Turn   | Place    | Note
-------+----------+-------------------------------------------
     0 | Abyss:1  | Esekla the Vine Stalker Abyssal Knight began the quest for
                  | the Orb.
     0 | Abyss:1  | Reached XP level 1. HP: 11/11 MP: 3/3
    50 | Abyss:1  | Noticed a thrashing horror
    52 | D:1      | Escaped the Abyss
   174 | D:1      | Reached skill level 3 in Fighting
   196 | D:1      | Reached XP level 2. HP: 6/16 MP: 2/4
   400 | D:2      | Reached * piety under Lugonu
   706 | D:3      | Reached XP level 3. HP: 16/20 MP: 1/5
   746 | D:3      | You fall into a shaft and drop 3 floors!
   765 | D:6      | Noticed a bullfrog
   772 | D:6      | Slain by a bullfrog

Levels and vault maps discovered:
D:1:      tarquinn_simple_flora_water_f, layout_basic
D:2:      layout_basic, lemuel_doored_altar, makhleb_heckhound_becter,
          elyvilon_altar_4
D:3:      layout_loops_ring, eat_drink_and_be_merry_uskayaw, old_standard_altar,
          grunt_dithmenos_smoke
D:6:      lemuel_slime, layout_basic, marbit_many_paths,
          overflow_temple_1_default, temple_green, serial_shops,
          kennysheep_mini_moat, basic_altar, uniq_grinder, uniq_menkaure

Skill      XL: |  1  2 |
---------------+-------+-----
Fighting       | 3 |  3.6
Long Blades    | 2 |  2.0
Armour         | |  1.7
Dodging        | |  0.7
Invocations    | |  1.7

Action                   || total
-------------------------++-------
Melee: Falchion          ||    60
       Bite              ||    18
Throw: Dart              ||     3
Invok: Depart the Abyss  ||     1
Armor: Leather armour    ||    10
Dodge: Dodged            ||    34
       Rpst.: Falchion   ||     9
